 Dungeon Crawl Stone Soup version 0.29.1-12-g30fa7ad0bf (webtiles) character file.

Game seed: 3786525286943760945

170 wormed the Ruffian (level 5, -2/50 HPs)
             Began as a Troll Gladiator on Dec 23, 2022.
             Constricted to death by Ijyb (4 damage)
             ... on level 3 of the Dungeon.
             The game lasted 00:01:46 (2138 turns).

wormed the Ruffian (Troll Gladiator)                Turns: 2138, Time: 00:01:46

Health: -2/50      AC:  4    Str: 24    XL:     5   Next: 25%
Magic:  4/4        EV:  7    Int:  4    God:
Gold:   147        SH:  0    Dex: 11    Spells: 4/4 levels left

rFire   . . .      SeeInvis .     - Unarmed
rCold   . . .      Faith    .   (no shield)
rNeg    . . .      Spirit   .   a - +0 robe
rPois   .          Reflect  .   b - +0 hat
rElec   .          Harm     .   (no cloak)
rCorr   .          Rampage  .   (gloves unavailable)
Will    .....                   (boots unavailable)
Stlth   +.........              (no amulet)
HPRegen 0.96/turn               (no ring)
MPRegen 0.09/turn               (no ring)

@: lethally poisoned (-2 -> -2), grasped by roots, constricted
A: large, unfitting armour, claws 3, regeneration 1, shaggy fur 1, tough skin 1
a: no special abilities


You were on level 3 of the Dungeon.
You visited 1 branch of the dungeon, and saw 3 of its levels.

You collected 147 gold pieces.

Inventory:

Missiles
 c - 3 throwing nets (quivered)
 d - a large rock
Armour
 a - a +0 robe (worn)
 b - a +0 hat (worn)
Jewellery
 l - a +6 ring of strength
Wands
 m - a wand of charming (8)
Scrolls
 e - 2 scrolls of torment {unknown}
 f - 2 scrolls of blinking {unknown}
 h - 9 scrolls of identify {unknown}
 k - a scroll of silence {unknown}
 n - a scroll of fear {unknown}
 o - a scroll of poison {unknown}
 q - a scroll of immolation {unknown}
 r - a scroll of amnesia {unknown}
Potions
 g - 2 potions of invisibility {unknown}
 i - a potion of magic {unknown}
 j - a potion of brilliance {unknown}
 p - a potion of cancellation {unknown}
 s - 2 potions of curing {unknown}


   Skills:
 + Level 2.3 Fighting
 + Level 2.6 Throwing
 + Level 1.4 Armour
 + Level 2.9 Dodging
 * Level 4.2 Unarmed Combat


You had 4 spell levels left.
You didn't know any spells.
Your spell library contained the following spells:

 Spells                   Type           Power      Damage    Failure   Level
 Blink                    Tloc           0%         N/A       65%         2
 Confusing Touch          Hex            0%         N/A       86%         3
 Lesser Beckoning         Tloc           0%         N/A       86%         3
 Fulminant Prism          Conj/Hex       0%         3d6       99%         4
 Iskenderun's Mystic Bla  Conj/Tloc      0%         2d3       99%         4
 Lee's Rapid Deconstruct  Erth           0%         3d5*      100%        5
 Manifold Assault         Tloc           0%         N/A       100%        5
 Yara's Violent Unravell  Hex/Tmut       0%         3d3       100%        5
 Enfeeble                 Hex            0%         N/A       100%        7


Dungeon Overview and Level Annotations

Branches:
Dungeon (3/15)

Altars:
Zin

Portals:
Abyss: D:3

Annotations:
D:3 2 transporters, 1 runed translucent door, Crazy Yiuf; Ijyb; Orthodox's ghost, amateur GrEE


Innate Abilities, Weirdness & Mutations

You are too large for most types of armour.
You have claws for hands.
Your natural rate of healing is unusually fast.
You are covered in fur. (AC +1)
You have tough skin. (AC +1)


Message History

Ijyb is unaffected.
The grasping roots constrict you.
You scratch the adder.
The adder is moderately wounded.
The adder closely misses you.
Ijyb screams, "Me very upset!"
The grasping roots constrict you. The adder bites you.
You are poisoned.
The adder poisons you!
You scratch the adder.
The adder is moderately wounded.
You feel sick. The grasping roots constrict you! The adder bites you.
You are more poisoned.
The adder poisons you!
You barely miss the adder.
The adder is moderately wounded.
You feel very sick. The adder bites you but does no damage.
The grasping roots constrict you.
* * * LOW HITPOINT WARNING * * *
You scratch the adder.
The adder is severely wounded.
You feel sick. The adder bites you but does no damage.
The grasping roots constrict you.
* * * LOW HITPOINT WARNING * * *
The grasping roots release their grip on you.
You claw the adder!
You kill the adder!
You feel sick.
You claw Ijyb!
Ijyb is severely wounded.
You feel sick.
Ijyb zaps a wand.
The roots erupt in riotous growth!
The grasping roots grab you!
Ijyb is unaffected.
The grasping roots constrict you.
* * * LOW HITPOINT WARNING * * *
You hear a shout!
You hear an angry hiss.
You scratch Ijyb.
Ijyb is almost dead.
You feel sick. Ijyb hits you with a +0 dagger.
* * * LOW HITPOINT WARNING * * *
The grasping roots constrict you.
You die...

#..###..#
###.##
##.#########
##....#
#.....<.....
#########..#.##
##.#..##.##.
#.......[.####
####..#.#
.#......##
##...# .
....###...####
##..####. #.
#.#..#.##
##.#..## ..
#.##.@..#
#......# .#
#.####g##
##..##.###.#
#.# #..# #...
#...... ..#
....#...
####...# ..#
#........
+....... .##
#.......
####.... ##
##.......#
##.#. ##.....##
#.#. #...##
#.#.


You could see Ijyb.

Vanquished Creatures
  A scorpion (D:3)
  An iguana (D:3)
  2 adders (D:3)
  3 dart slugs
  3 endoplasms
  5 giant cockroaches
  4 goblins
  5 hobgoblins
  12 jackals
  3 kobolds
  4 quokkas
  3 ball pythons
  6 bats
  3 frilled lizards
  5 rats
60 creatures vanquished.

Notes
Turn   | Place    | Note
-------+----------+-------------------------------------------
     0 | D:1      | wormed the Troll Gladiator began the quest for the Orb.
     0 | D:1      | Reached XP level 1. HP: 19/19 MP: 0/0
    50 | D:1      | Reached XP level 2. HP: 27/28 MP: 1/1
   884 | D:2      | Reached XP level 3. HP: 35/35 MP: 2/2
  1012 | D:2      | Found a glowing silver altar of Zin.
  1544 | D:3      | Reached skill level 1 in Armour
  1597 | D:3      | Found a one-way gate to the infinite horrors of the Abyss.
  1597 | D:3      | Noticed a small abomination
  1597 | D:3      | Noticed Orthodox's ghost (amateur GrEE)
  1661 | D:3      | Reached XP level 4. HP: 42/42 MP: 3/3
  1663 | D:3      | Noticed a scorpion
  1667 | D:3      | Killed a scorpion
  1668 | D:3      | Reached skill level 4 in Unarmed Combat
  1796 | D:3      | Found a transporter.
  1818 | D:3      | Found a transporter.
  1912 | D:3      | Found a runed translucent door.
  1913 | D:3      | Noticed Crazy Yiuf
  2094 | D:3      | Reached XP level 5. HP: 40/49 MP: 4/4
  2125 | D:3      | Noticed Ijyb
  2138 | D:3      | HP: 2/50 [Ijyb/+0 dagger (1)]
  2138 | D:3      | Constricted to death by Ijyb

Illustrated notes

Levels and vault maps discovered:
D:1:      lightli_iron_boxes, layout_loops_corners, minmay_tromino_i2
D:2:      layout_loops_cross, basic_altar, lemuel_flame_loot_1
D:3:      layout_loops_corners, minmay_overflow_temple_star_hex,
          lemuel_zombie_altar_yredelemnul, gammafunk_ghost_abyssal_escape,
          minmay_fractal_squares_gapless_5, uniq_crazy_yiuf_cottage, uniq_ijyb

Skill      XL: |  1  2  3  4 |
---------------+-------------+-----
Throwing       | 2 |  2.6
Fighting       | 2 |  2.3
Armour         | 1 |  1.4
Unarmed Combat | 4 |  4.2
Dodging        | |  2.9

Action                   |  1- 3 |  4- 6 || total
-------------------------+-------+-------++-------
Melee: Unarmed           |   104 |    39 ||   143
       Punch             |     1 |       ||     1
 Stab: Sleeping          |     4 |       ||     4
Armor: Robe              |    32 |    21 ||    53
Dodge: Dodged            |    52 |    21 ||    73
